 Dungeon Crawl Stone Soup version 0.25.0-46-gbd7b0854d2 (webtiles) character file.

Game seed: 7593340831413892086

277 DerDa the Digger (level 6, -2/45 HPs)
             Began as a Draconian Earth Elementalist on July 16, 2020.
             Killed by nerve-wracking pain
             ... invoked by an orc priest
              (4 damage)
             ... on level 4 of the Dungeon.
             The game lasted 00:07:04 (2924 turns).

DerDa the Digger (Draconian Earth Elementalist)     Turns: 2924, Time: 00:07:04

Health: -2/45      AC:  7    Str: 11    XL:     6   Next: 4%
Magic:  12/12      EV: 13    Int: 17    God:
Gold:   123        SH:  0    Dex: 11    Spells: 7/13 levels left

rFire    . . .     SeeInvis .   j - +0 long sword
rCold    . . .     Gourm    .   (no shield)
rNeg     . . .     Faith    .   (armour unavailable)
rPois    .         Spirit   .   (helmet restricted)
rElec    .         Reflect  .   (no cloak)
rCorr    .         Harm     .   (no gloves)
MR       .....                  r - +0 pair of boots
Stlth    +++.......             (no amulet)
HPRegen  0.15/turn              f - ring of stealth
MPRegen  0.13/turn              (no ring)

@: no status effects
A: unfitting armour, cold-blooded, AC +6
a: no special abilities


You were on level 4 of the Dungeon.
You were hungry.

You visited 1 branch of the dungeon, and saw 4 of its levels.

You collected 123 gold pieces.

Inventory:

Hand Weapons
 j - a +0 long sword (weapon)
Missiles
 e - 33 poisoned darts (quivered)
Armour
 r - a +0 pair of boots (worn)
Jewellery
 f - a ring of stealth (left hand)
Wands
 u - a wand of polymorph (7)
Scrolls
 d - a scroll of fog {unknown}
 h - a scroll of identify {unknown}
 i - 2 scrolls of teleportation {unknown}
 l - 2 scrolls of remove curse {unknown}
 n - a scroll of blinking {unknown}
 o - a scroll of fear {unknown}
 q - a scroll of random uselessness {unknown}
 t - a scroll of enchant armour {unknown}
Potions
 g - a potion of mutation {unknown}
 k - a potion of magic
 m - a potion of cancellation {unknown}
 p - a potion of degeneration {unknown}
 s - a potion of heal wounds {unknown}
 v - 2 potions of resistance {unknown}
Comestibles
 a - 4 chunks of flesh
 c - 9 rations


   Skills:
 + Level 3.0 Dodging
 - Level 1.7 Stealth
 * Level 4.1 Spellcasting
 + Level 1.7 Conjurations
 - Level 1.0 Transmutations
 + Level 4.1 Earth Magic


You had 7 spell levels left.
You knew the following spells:

 Your Spells              Type           Power        Failure   Level  Hunger
a - Sandblast             Erth           ###...       2%          1    None
b - Stone Arrow           Conj/Erth      ##....       14%         3    ###....
c - Passwall              Tmut/Erth      ##......     9%          2    ##.....

Your spell library contained the following spells:

 Spells                   Type           Power        Failure   Level  Hunger
 Petrify                  Tmut/Erth      ##......     47%         4    ####...
 Lee's Rapid Deconstruct  Erth           ###.......   61%         5    ######.


Dungeon Overview and Level Annotations

Branches:
Dungeon (4/15)
 Temple: D:4-7

Altars:
Gozag

Shops:
D:3 *


Innate Abilities, Weirdness & Mutations

Your plain brown scales are hard. (AC +6)
You cannot fit into any form of body armour.
You are cold-blooded and may be slowed by cold attacks.


Message History

Aiming: Sandblast (safe; 2% risk of failure)
Press: ? - help, Shift-Dir - straight line, f/p - orc priest
Aim: an orc priest, wielding a +0 flail and wearing a +0 scale mail (heavily wounded)
You don't have any stones to cast with.
Casting: Sandblast (safe; 2% risk of failure)
Confirm with . or Enter, or press ? or * to list all spells.
Aiming: Sandblast (safe; 2% risk of failure)
Press: ? - help, Shift-Dir - straight line, f/p - orc priest
Aim: an orc priest, wielding a +0 flail and wearing a +0 scale mail (heavily wounded)
You don't have any stones to cast with.
Casting: Sandblast (safe; 2% risk of failure)
Confirm with . or Enter, or press ? or * to list all spells.
Aiming: Sandblast (safe; 2% risk of failure)
Press: ? - help, Shift-Dir - straight line, f/p - orc priest
Aim: an orc priest, wielding a +0 flail and wearing a +0 scale mail (heavily wounded)
You don't have any stones to cast with.
It was a potion of magic.
Magic courses through your body.
The orc priest mumbles some strange prayers to Beogh against you.
Pain shoots through your body!
You die...

#.......##.. #..........
#...)...# ##.....#######
#######............#
##.......##.......#.##
#...#######..).......#
###...#######...........#
#........)...@......#.o..
#.......)####.......# o.#
#...[....# #oZ.....# #
###...##.# #......[..
#...##.# #...#...##.
##.###.. ...###..# #<#
##.####.. ...> #.# .#
.... [.# #.# .# ##.


You could see an orc priest and an adder skeleton.

Vanquished Creatures
  A worker ant (D:4)
  Natasha (thrice) (D:3)
  An orc wizard (D:4)
  8 adders
  2 oozes (D:3)
  A worm (D:3)
  4 dart slugs
  A leopard gecko (D:3)
  4 orcs (D:4)
  5 bats
  4 giant cockroaches
  7 goblins
  6 hobgoblins
  2 quokkas
  A ball python (D:1)
  3 frilled lizards
  8 kobolds
  3 rats
64 creatures vanquished.

Notes
Turn   | Place    | Note
-------+----------+-------------------------------------------
     0 | D:1      | DerDa the Draconian Earth Elementalist began the quest for
                  | the Orb.
     0 | D:1      | Reached XP level 1. HP: 14/14 MP: 3/3
   503 | D:1      | Reached XP level 2. HP: 9/20 MP: 1/5
  1648 | D:2      | Reached XP level 3. HP: 26/26 MP: 4/7
  2048 | D:2      | Learned a level 3 spell: Stone Arrow
  2051 | D:2      | Learned a level 2 spell: Passwall
  2053 | D:3      | Noticed Natasha
  2059 | D:2      | Reached XP level 4. HP: 26/33 MP: 4/8
  2280 | D:3      | Killed Natasha
  2310 | D:3      | Reached skill level 1 in Conjurations
  2314 | D:3      | Reached XP level 5. HP: 28/38 MP: 0/10
  2399 | D:3      | Noticed Natasha
  2404 | D:3      | Killed Natasha
  2432 | D:3      | Found Gozag's Platinum Reserve.
  2436 | D:3      | Found an opulent altar of Gozag.
  2640 | D:3      | Noticed Natasha
  2648 | D:3      | Killed Natasha
  2912 | D:4      | Reached XP level 6. HP: 27/45 MP: 9/12
  2923 | D:4      | HP: 2/45 [orc priest/nerve-wracking pain (13)]
  2924 | D:4      | Killed from afar by an orc priest

Illustrated notes

Levels and vault maps discovered:
D:1:      doesnt_arrival_eight_statues, layout_loops_ring
D:2:      layout_basic
D:3:      layout_rooms, nicolae_gozag_zags_fifth_avenue, first_ration,
          uniq_natasha
D:4:      layout_loops_ring

Skill      XL: |  1  2  3  4  5 |
---------------+----------------+-----
Dodging        | 2 3 |  3.0
Spellcasting   | 3 4 |  4.1
Conjurations   | 1 |  1.7
Earth Magic    | 4 |  4.1
Stealth        | |  1.7
Transmutations | |  1.0

Action                   |  1- 3 |  4- 6 || total
-------------------------+-------+-------++-------
Melee: Club              |    33 |       ||    33
       Unarmed           |     9 |       ||     9
       Tailslap          |     5 |     1 ||     6
       Falchion          |     8 |       ||     8
       Long sword        |     3 |    15 ||    18
Throw: Stone             |       |     1 ||     1
 Cast: Sandblast         |    33 |    59 ||    92
  Use: Potion            |       |     1 ||     1
 Stab: Sleeping          |     3 |     1 ||     4
  Eat: Chunk             |     4 |     2 ||     6
Armor: Skin              |    17 |     4 ||    21
Dodge: Dodged            |    41 |    15 ||    56
       Rpst.: Long sword |     1 |     3 ||     4
